 Dungeon Crawl Stone Soup version 0.30.0 (webtiles) character file.

Game seed: 7700642076794755734

25235 violentcity the Cleaver (level 12, -3/110 HPs)
             Began as a Minotaur Fighter on Aug 12, 2023.
             Was a High Priest of Okawaru.
             Slain by a black mamba (8 damage)
             ... on level 5 of the Lair of Beasts.
             The game lasted 01:20:10 (16019 turns).

violentcity the Cleaver (Minotaur Fighter)         Turns: 16019, Time: 01:20:11

Health: -3/110     AC: 17    Str: 24    XL:     12   Next: 87%
Magic:  11/15      EV: 27    Int:  5    God:    Okawaru [*****.]
Gold:   1004       SH:  0    Dex: 17    Spells: 11/11 levels left

rFire   . . .        P - +2 lajatang (elec)
rCold   . . .        (shield currently unavailable)
rNeg    . . .        u - +1 plate armour
rPois   +            X - +0 hat "Mirei" {Will+ Dex+5}
rElec   .            G - +0 cloak
rCorr   .            (no gloves)
SInv    .            (no boots)
Will    +....        o - amulet of the acrobat Stlth
                     s - +5 ring of evasion
HPRegen 0.38/turn    K - ring of poison resistance
MPRegen 0.14/turn

%: acrobat
@: acrobatic, studying Axes
A: horns 2, retaliatory headbutt
a: Renounce Religion, Heroism, Finesse, Duel


You were on level 5 of the Lair of Beasts.
You worshipped Okawaru.
Okawaru was extremely pleased with you.
You visited 3 branches of the dungeon, and saw 15 of its levels.
You also visited: Bailey.

You collected 1004 gold pieces.

Inventory:

Hand Weapons
 a - a +0 war axe
 z - a +2 flail of holy wrath
 P - a +2 lajatang of electrocution (weapon)
Missiles
 t - 6 poisoned darts
 A - 3 throwing nets
 H - 6 boomerangs
 L - a curare-tipped dart
Armour
 b - a +0 scale mail
 c - a +0 buckler
 r - a +0 chain mail
 u - a +1 plate armour (worn)
 D - the +1 robe of Bitirurch {+Blink rElec rF++ rC+}
   (You found it on level 5 of the Dungeon)

   rF:        It greatly protects you from fire.
   rC:        It protects you from cold.
   rElec:     It insulates you from electricity.
   +Blink:    It lets you blink.
 G - a +0 cloak (worn)
 J - a +2 hat of stealth
 U - a +1 buckler of reflection
 X - the +0 hat "Mirei" (worn) {Will+ Dex+5}
   (Okawaru gifted it to you on level 5 of the Lair of Beasts)

   Dex:       It affects your dexterity (+5).
   Will:      It increases your willpower.
Magical Staves
 j - a staff of air
Jewellery
 h - a +6 ring of intelligence
 o - an amulet of the acrobat (around neck)
 s - a +5 ring of evasion (left hand)
 w - an amulet of faith
 y - a ring of positive energy
 E - the ring of Tykleph {rElec AC+4 Dex+4}
   (You found it on level 5 of the Dungeon)

   [ring of protection]

   AC:        It affects your AC (+4).
   Dex:       It affects your dexterity (+4).
   rElec:     It insulates you from electricity.
 F - a +6 ring of dexterity
 K - a ring of poison resistance (right hand)
 O - a +6 ring of dexterity
 T - a ring of protection from fire
 V - a ring of poison resistance
 W - an amulet of faith
Wands
 Q - a wand of iceblast (9) (quivered)
Scrolls
 f - a scroll of blinking
 g - a scroll of fog
 k - a scroll of magic mapping
 n - a scroll of fear
 q - 2 scrolls of amnesia
 x - a scroll of immolation {unknown}
 B - 4 scrolls of teleportation
 C - a scroll of torment
 I - a scroll of enchant weapon {unknown}
 R - a scroll of summoning {unknown}
Potions
 d - 2 potions of invisibility
 e - 2 potions of lignification
 i - 4 potions of haste
 l - 4 potions of curing
 m - a potion of brilliance
 p - 2 potions of flight
 v - a potion of degeneration
 M - a potion of magic
 N - a potion of cancellation
 S - a potion of berserk rage {unknown}


   Skills:
 + Level 11.6 Fighting
 - Level 12.9(13.1) Axes
 - Level 3.7(10.7) Maces & Flails
 * Level 8.8(9.1) Staves
 + Level 11.7 Armour
 - Level 11.0 Shields
 - Level 5.6 Invocations
 + Level 7.7 Evocations


You had 11 spell levels left.
You didn't know any spells.
Your spell library contained the following spells:

 Spells                   Type           Power      Damage    Failure   Level
 Beastly Appendage        Tmut           0%         N/A       99%         1
 Slow                     Hex            0%         N/A       99%         1
 Blink                    Tloc           0%         N/A       100%        2
 Sublimation of Blood     Necr           0%         N/A       100%        2
 Wereblood                Tmut           0%         N/A       100%        2
 Confusing Touch          Hex            0%         N/A       100%        3
 Portal Projectile        Hex/Tloc       0%         N/A       100%        3
 Spider Form              Tmut/Pois      0%         N/A       100%        3
 Vampiric Draining        Necr           0%         2d6       100%        3
 Leda's Liquefaction      Hex/Erth       0%         N/A       100%        4
 Manifold Assault         Tloc           0%         N/A       100%        4
 Petrify                  Tmut/Erth      0%         N/A       100%        4
 Irradiate                Conj/Tmut      0%         3d11      100%        5
 Storm Form               Tmut/Air       0%         N/A       100%        7
 Call Canine Familiar     Summ           Unusable   N/A       N/A         3

Dungeon Overview and Level Annotations

Branches:
Dungeon (9/15)             Temple (1/1) D:4            Lair (5/5) D:9
 Shoals (0/4) Lair:2        Snake (0/4) Lair:3        Slime (0/5) Lair:4
 Bailey (visited)
    Orc: D:9-12

Altars:
Ashenzari
Cheibriados
Dithmenos
Elyvilon
Fedhas
Gozag
Hepliaklqana
Kikubaaqudgha
Makhleb
Nemelex Xobeh
Okawaru
Qazlal
Ru
Sif Muna
Trog
Uskayaw
Vehumet
Wu Jian
Xom
Yredelemnul
Zin
The Shining One

Shops:
D:3 [


Innate Abilities, Weirdness & Mutations

You have a pair of horns on your head.
You reflexively headbutt those who attack you in melee.


Message History

The skyshark tail-slaps you.
* * * LOW HITPOINT WARNING * * *
The yak misses you. You furiously retaliate!
You headbutt the yak!
As you read the scroll of fear, it crumbles to dust.
You assume a fearsome visage.
The yak looks frightened! x5
The skyshark is unaffected.
The skyshark barely misses you.
The skyshark misses you. x2; The skyshark closely misses you.
The skyshark tail-slaps you.
* * * LOW HITPOINT WARNING * * *
The skyshark tail-slaps you.
* * * LOW HITPOINT WARNING * * *
You feel better. The skyshark closely misses you. x2
The skyshark tail-slaps you but does no damage.
You slice the skyshark!!
The skyshark is almost dead.
The skyshark bites you!
* * * LOW HITPOINT WARNING * * *
The skyshark barely misses you.
The skyshark tail-slaps you but does no damage.
You slash the skyshark!
Lightning courses through the skyshark!!
You kill the skyshark!
Okawaru accepts your kill.
An elephant comes into view.
The elephant trumpets!
Cornered, the yak turns to fight!
A black mamba comes into view.
The black mamba hisses angrily.
You slice the elephant!!
The elephant is moderately wounded.
You hear the quick rumble of a distant avalanche of rocks.
The elephant barely misses you. You furiously retaliate!
You headbutt the elephant! The elephant misses you.
You slice the elephant!! Lightning courses through the elephant!
You kill the elephant!
Okawaru accepts your kill. The black mamba misses you.
You feel like a meek peon again. The black mamba bites you!
You die...

.PP.......Y....##.....
#..Y.....#.....# #....
#.#....†###.....# ....
#.....# ........ ...
##....†##......... ..
#......##..........
###....###.....##...
#........##...##
##.....YS@.....#
#..............##
.###..............
.................
...♣♣♣........... ...♣
♣♣♣♣♣...#♣♣♣ .♣♣ ...♣
♣♣♣♣


You could see a black mamba and a yak.

Vanquished Creatures
  A catoblepas (Lair:5)
  A boulder beetle (D:8)
  5 death yaks
  A skyshark (Lair:5)
  A lindwurm (D:8)
  17 elephants
  6 black mambas
  6 cane toads
  A rime drake (Lair:1)
  A torpor snail (Lair:3)
  5 komodo dragons
  A polar bear (Lair:2)
  3 blink frogs (Lair:3)
  Prince Ribbit (D:7)
  A wyvern (D:9)
  Sigmund (D:5)
  A wraith (D:8)
  8 yaks
  2 basilisks (Lair:3)
  2 steam dragons
  2 redbacks (D:8)
  Menkaure (D:5)
  2 swamp worms (Lair:3)
  15 water moccasins
  An orc warrior (D:7)
  A sky beast (D:8)
  An ogre (D:6)
  5 centaurs
  2 kobold brigands
  Blork the orc (D:6)
  11 bullfrogs
  4 scorpions
  3 wights (D:4)
  2 howler monkeys
  2 jellies
  3 hounds
  6 orc priests
  2 sleepcaps
  2 iguanas
  5 orc wizards
  A hell rat (D:9)
  2 mummies
  8 gnolls (D:5)
  9 adders
  A river rat (D:9)
  2 shadow imps (D:8)
  2 white imps
  A worm (D:3)
  2 dart slugs (D:1)
  34 orcs
  7 bats
  5 endoplasms
  4 giant cockroaches
  16 goblins
  6 hobgoblins
  5 jackals (D:1)
  10 kobolds
  3 quokkas (D:1)
  5 ball pythons
  2 frilled lizards (D:1)
  A hobgoblin zombie (D:5)
  A kobold zombie (D:5)
  2 orc zombies (D:5)
  8 rats
273 creatures vanquished.

Vanquished Creatures (others)
  8 fungi
  21 plants
  8 withered plants (D:1)
37 creatures vanquished.

Grand Total: 310 creatures vanquished

Notes
Turn   | Place    | Note
-------+----------+-------------------------------------------
     0 | D:1      | violentcity the Minotaur Fighter began the quest for the
                  | Orb.
     0 | D:1      | Reached XP level 1. HP: 19/19 MP: 0/0
   182 | D:1      | Reached XP level 2. HP: 27/27 MP: 1/1
   261 | D:1      | Reached skill level 3 in Axes
   591 | D:1      | Reached XP level 3. HP: 21/33 MP: 2/2
  1744 | D:2      | Reached XP level 4. HP: 40/40 MP: 3/3
  2021 | D:3      | Reached skill level 4 in Axes
  2335 | D:3      | Found a snail-covered altar of Cheibriados.
  2447 | D:3      | Found Vaqenk's Antique Armour Boutique.
  2599 | D:3      | Found a sparkling altar of Nemelex Xobeh.
  2701 | D:4      | Found a staircase to the Ecumenical Temple.
  2729 | Temple   | Entered the Ecumenical Temple
  3291 | Temple   | Became a worshipper of Warmaster Okawaru
  3337 | D:4      | Reached XP level 5. HP: 47/47 MP: 4/4
  3481 | D:4      | Reached skill level 5 in Axes
  3481 | D:4      | Reached skill level 1 in Invocations
  3481 | D:4      | Reached XP level 6. HP: 40/55 MP: 5/5
  3873 | D:4      | Reached * piety under Okawaru
  3874 | D:4      | Reached skill level 5 in Shields
  3879 | D:4      | Reached skill level 5 in Fighting
  3879 | D:4      | Reached skill level 5 in Armour
  4307 | D:5      | Entered Level 5 of the Dungeon
  4325 | D:5      | Noticed Menkaure
  4330 | D:5      | Killed Menkaure
  4331 | D:5      | Reached skill level 6 in Axes
  4331 | D:5      | Reached XP level 7. HP: 61/61 MP: 5/7
  4461 | D:5      | Noticed Sigmund
  4486 | D:5      | Killed Sigmund
  5070 | D:5      | Identified the +1 robe of Bitirurch {+Blink rElec rF++ rC+}
  5147 | D:5      | Reached ** piety under Okawaru
  5290 | D:5      | Identified the ring of Tykleph {rElec AC+4 Dex+4}
  5400 | D:5      | Reached skill level 9 in Axes
  5400 | D:5      | Reached skill level 5 in Invocations
  5400 | D:5      | Reached XP level 8. HP: 74/74 MP: 8/11
  5475 | D:6      | Reached XP level 9. HP: 81/81 MP: 9/12
  5540 | D:6      | Noticed Blork the orc
  5556 | D:6      | Killed Blork the orc
  6943 | D:7      | Noticed Prince Ribbit
  6953 | D:7      | Killed Prince Ribbit
  7282 | D:8      | Reached skill level 10 in Axes
  7474 | D:8      | Found an ancient bone altar of Kikubaaqudgha.
  7872 | D:8      | Reached XP level 10. HP: 80/90 MP: 13/13
  7938 | D:8      | Found a broken altar of Ashenzari.
  8367 | D:8      | Found a runed translucent door.
  8395 | D:8      | Reached skill level 5 in Evocations
  8549 | D:8      | Identified the +3 whip of the Hierophant {vamp, rF+}
  8552 | D:8      | Found a runed translucent gate.
  8552 | D:8      | Found a runed translucent gate.
  8552 | D:8      | Found a runed translucent gate.
  8552 | D:8      | Found a runed translucent gate.
  8552 | D:8      | Found a runed translucent gate.
  8552 | D:8      | Found a runed translucent gate.
  8552 | D:8      | Noticed a lindwurm
  8552 | D:8      | Noticed a boulder beetle
  8616 | D:8      | Killed a boulder beetle
  8616 | D:8      | Reached *** piety under Okawaru
  8617 | D:8      | Reached skill level 11 in Axes
  8763 | D:8      | Killed a lindwurm
  9035 | D:9      | Noticed a death yak
  9035 | D:9      | Found a staircase to the Lair.
  9038 | D:9      | Noticed a death yak
  9041 | D:9      | Noticed a death yak
  9165 | D:9      | Found a flagged portal.
  9183 | Bailey   | Entered a bailey
  9505 | D:9      | Found a white marble altar of Elyvilon.
  9602 | D:9      | Killed a death yak
  9615 | D:9      | Killed a death yak
  9615 | D:9      | Reached **** piety under Okawaru
  9616 | D:9      | Reached skill level 12 in Axes
  9630 | D:9      | Killed a death yak
 10366 | Lair:1   | Entered Level 1 of the Lair of Beasts
 10453 | Lair:1   | Reached skill level 1 in Maces & Flails
 10453 | Lair:1   | Reached XP level 11. HP: 97/97 MP: 14/14
 10590 | Lair:1   | Reached ***** piety under Okawaru
 10963 | Lair:1   | Reached skill level 10 in Shields
 10971 | Lair:1   | Received a gift from Okawaru
 10982 | Lair:1   | Reached skill level 10 in Armour
 11422 | Lair:2   | Reached skill level 10 in Fighting
 11422 | Lair:2   | Reached skill level 1 in Staves
 12307 | Lair:2   | Found a staircase to the Shoals.
 13006 | Lair:3   | Found a staircase to the Snake Pit.
 13177 | Lair:3   | Reached skill level 5 in Staves
 13177 | Lair:3   | Reached XP level 12. HP: 80/107 MP: 15/15
 14704 | Lair:4   | Noticed a death yak
 14708 | Lair:4   | Noticed a death yak
 14729 | Lair:3   | Killed a death yak
 14919 | Lair:3   | Killed a death yak
 15072 | Lair:4   | Found a staircase to the Slime Pits.
 15085 | Lair:4   | Found a sacrificial altar of Ru.
 15600 | Lair:5   | Entered Level 5 of the Lair of Beasts
 15608 | Lair:5   | Identified the +0 hat "Mirei" {Will+ Dex+5} (Okawaru gifted
                  | it to you on level 5 of the Lair of Beasts)
 15608 | Lair:5   | Received a gift from Okawaru
 15648 | Lair:5   | Noticed a catoblepas
 15670 | Lair:5   | Killed a catoblepas
 16009 | Lair:5   | HP: 2/110 [skyshark (16)]
 16019 | Lair:5   | Slain by a black mamba

Illustrated notes

Levels and vault maps discovered:
D:1:      spicycebolla_arrival_clurvy, layout_rooms, minmay_octomino_e4
D:2:      layout_loops_corners, minmay_misc_feat_enclosed
D:3:      layout_rooms, slow_altar_1, nemelex_dance_club_becter, serial_shops,
          nicolae_shop_stone, hangedman_decor_push
D:4:      layout_rooms, temple_pool_b, serial_rivers,
          chequers_serial_rivers_marsh, chequers_serial_rivers_micro_a,
          chequers_serial_rivers_room_b, chequers_serial_rivers_large_b,
          chequers_serial_rivers_small_3, chequers_serial_rivers_small_b
D:5:      layout_loops_ring, minmay_mini_ossuary, uniq_sigmund, uniq_menkaure
D:6:      layout_cave_pods, serial_rivers, chequers_serial_rivers_micro_c,
          chequers_serial_rivers_marsh, chequers_serial_rivers_micro_b,
          chequers_serial_rivers_micro_e, chequers_serial_rivers_small_3,
          chequers_serial_rivers_micro_d, glass_columns_a, uniq_blork_the_orc
D:7:      layout_rooms, nicolae_nh_ransacked_shop, uniq_prince_ribbit1
D:8:      gammafunk_indiana_jones, layout_loops_ring, lemuel_tele_altar,
          nicolae_ashenzari_panopticon, minmay_manual_maat
D:9:      layout_basic, old_standard_altar, dpeg_lair_monsters, enter_bailey_5,
          chequers_serial_rivers_large_a
Temple:   nicolae_temple_bog_church
Lair:1:   layout_regular_city
Lair:2:   layout_long_grid, shoals_dummy_entry, serial_rivers,
          chequers_serial_rivers_micro_a, chequers_serial_rivers_micro_d,
          chequers_serial_rivers_micro_e, chequers_serial_rivers_small_b,
          chequers_serial_rivers_small_3, serial_bayou_shore_a
Lair:3:   layout_cave_pods, minmay_snake_entry_six_corridors, worms_lemuel,
          infiniplex_staircase_pool_2
Lair:4:   layout_long_grid, slime_entry_1, basic_altar
Lair:5:   hellmonk_lair_end_abyssal_woods, layout_small_grid, basic_altar,
          nicolae_volcano_entry_hallway

Skill      XL: |  1  2  3  4  5  6  7  8  9 10 11 12 |
---------------+-------------------------------------+-----
Axes           | 3 4 5 6 9 10 12 | 12.9
Fighting       | 4 5 8 9 10 11 | 11.6
Shields        | 4 5 8 9 10 11 | 11.0
Armour         | 4 5 8 9 10 11 | 11.7
Invocations    | 1 2 5 |  5.6
Evocations     | 4 5 6 7 |  7.7
Maces & Flails | 1 3 |  3.7
Staves         | 5 8 |  8.8

Action                     |  1- 3 |  4- 6 |  7- 9 | 10-12 || total
---------------------------+-------+-------+-------+-------++-------
  Melee: War axe           |    65 |   101 |    42 |       ||   208
         Headbutt          |    14 |    18 |    39 |   134 ||   205
         Flail             |       |       |   145 |   239 ||   384
         Lajatang          |       |       |       |   218 ||   218
  Throw: Dart              |       |     6 |     9 |     3 ||    18
         Boomerang         |       |       |       |     4 ||     4
 Invoke: Heroism           |       |     2 |     6 |    13 ||    21
         Finesse           |       |       |       |     3 ||     3
  Evoke: Wand              |       |       |       |     2 ||     2
    Use: Scroll            |     5 |     3 |     3 |    14 ||    25
         Potion            |       |     2 |     2 |     6 ||    10
 Armour: Scale mail        |    31 |    12 |       |       ||    43
         Chain mail        |       |    13 |       |       ||    13
         Plate armour      |       |    16 |    85 |   287 ||   388
  Dodge: Dodged            |    35 |    44 |   141 |   385 ||   605
  Block: Buckler           |    12 |    26 |    73 |    72 ||   183
